 Dungeon Crawl Stone Soup version 0.23.2-1-ga50397a6bc (webtiles) character file.

Game seed: 5636652927805935029

7337 Freyura the Blocker (level 11, -4/87 HPs)
             Began as a Gnoll Fighter on May 5, 2019.
             Was a Believer of Ashenzari.
             Slain by Snorg (15 damage)
             ... on level 10 of the Dungeon.
             The game lasted 00:39:20 (10030 turns).

Freyura the Blocker (Gnoll Fighter)                Turns: 10030, Time: 00:39:21

Health: -4/87      AC: 12    Str: 19    XL:     11   Next: 13%
Magic:  19/19      EV: 15    Int: 11    God:    Ashenzari [**....]
Gold:   661        SH: 14    Dex: 21    Spells: 21/21 levels left

rFire    . . .     SeeInvis +   a - +5 rapier (curse)
rCold    . . .     Gourm    .   c - +1 shield (curse)
rNeg     . . .     Faith    .   I - +0 troll leather armour
rPois    .         Spirit   .   (no helmet)
rElec    .         Reflect  .   A - +2 cloak {+Inv}
rCorr    .         Harm     .   (no gloves)
MR       .....     Clarity  +   m - +2 pair of boots {run}
Stlth    +++.......             C - amulet of the acrobat
HPRegen  0.64/turn              u - +4 ring of dexterity
MPRegen  0.16/turn              t - ring of see invisible

@: very slightly contaminated, invisible, quick
A: distributed training, fangs 1, talons 1, clarity, strong nose
a: Curse Item, Scrying, Renounce Religion


You were on level 10 of the Dungeon.
You worshipped Ashenzari.
Ashenzari was pleased with you.
You were not hungry.

You visited 2 branches of the dungeon, and saw 12 of its levels.
You also visited: Ossuary.

You collected 757 gold pieces.
You spent 96 gold pieces at shops.

Inventory:

Hand Weapons
 a - a cursed +5 rapier (weapon)
 F - the +3 short sword of Korent {protect, -Tele +Rage rF++ Int+3}
   (You found it on level 9 of the Dungeon)

   It protects the one who uses it against injury (+AC on strike).
   It affects your intelligence (+3).
   It greatly protects you from fire.
   It lets you go berserk.
   It prevents most forms of teleportation.
Armour
 c - a cursed +1 shield (worn)
 m - a +2 pair of boots of running (worn)
 n - a +2 leather armour of fire resistance
 o - a +0 large shield
 y - a +1 robe of cold resistance
 A - a +2 cloak of invisibility (worn)
 I - a +0 troll leather armour (worn)
Jewellery
 t - a ring of see invisible (right hand)
 u - a +4 ring of dexterity (left hand)
 v - an uncursed ring of protection from fire
 C - an amulet of the acrobat (around neck)
 G - an uncursed ring of positive energy
Wands
 b - a wand of digging (7)
 i - a wand of disintegration (7)
 j - a wand of acid (10)
 q - a wand of polymorph (4)
 w - a wand of flame (14)
 z - a wand of iceblast (8)
Scrolls
 h - 6 scrolls of teleportation
 k - 3 scrolls of amnesia
 p - 2 scrolls of magic mapping
 D - a scroll of identify
 E - a scroll of fog {unknown}
 H - a scroll of random uselessness {unknown}
 J - a scroll of remove curse
Potions
 d - a potion of brilliance {unknown}
 g - a potion of magic
 l - a potion of berserk rage
 r - 4 potions of curing
 s - 2 potions of flight
 x - a potion of ambrosia {unknown}
 B - 2 potions of agility {unknown}
Comestibles
 f - 24 rations


   Skills:
 + Level 8.9 Fighting
 + Level 7.5(9.9) Short Blades
 + Level 5.9 Long Blades
 + Level 5.9 Axes
 + Level 5.9 Maces & Flails
 + Level 5.9 Polearms
 + Level 5.9 Staves
 + Level 5.9 Slings
 + Level 5.9 Bows
 + Level 5.9 Crossbows
 + Level 5.9 Throwing
 + Level 8.9 Armour
 + Level 5.9 Dodging
 + Level 5.9 Stealth
 + Level 8.9(10.3) Shields
 + Level 5.9 Unarmed Combat
 + Level 5.9 Spellcasting
 + Level 4.8 Conjurations
 + Level 4.8 Hexes
 + Level 4.8 Charms
 + Level 4.8 Summonings
 + Level 4.8 Necromancy
 + Level 4.8 Translocations
 + Level 4.8 Transmutations
 + Level 4.8 Fire Magic
 + Level 4.8 Ice Magic
 + Level 4.8 Air Magic
 + Level 4.8 Earth Magic
 + Level 4.8 Poison Magic
 + Level 6.4 Invocations
 + Level 5.9 Evocations


You had 21 spell levels left.
You didn't know any spells.
Your spell library contained the following spells:

 Spells                   Type           Power        Failure   Level  Hunger
 Confusing Touch          Hex            ##....       5%          1    None
 Magic Dart               Conj           ##..         5%          1    None
 Blink                    Tloc           N/A          9%          2    ##.....
 Call Imp                 Summ           ##......     9%          2    ##.....
 Slow                     Hex            ##......     9%          2    ##.....
 Confuse                  Hex            ##......     17%         3    ###....
 Conjure Flame            Conj/Fire      ##......     17%         3    ###....
 Gell's Gravitas          Tloc           ##........   17%         3    ###....
 Mephitic Cloud           Conj/Pois/Air  ##......     17%         3    ###....
 Petrify                  Tmut/Erth      ##......     50%         4    ####...
 Metabolic Englaciation   Hex/Ice        ##........   83%         5    ######.
 Yara's Violent Unravell  Hex/Tmut       ##........   83%         5    ######.


Dungeon Overview and Level Annotations

Branches:
Dungeon (11/15)            Temple (1/1) D:7
   Lair: D:8-11         Orc: D:9-12

Altars:
Ashenzari
Cheibriados
Dithmenos
Elyvilon
Fedhas
Gozag
Hepliaklqana
Kikubaaqudgha
Makhleb
Nemelex Xobeh
Okawaru
Qazlal
Ru
Sif Muna
Trog
Uskayaw
Vehumet
Wu Jian
Xom
Yredelemnul
Zin
The Shining One

Shops:
D:8 ?   D:9 (

Annotations:
D:10 2 transporters, Snorg; Xerberus86's ghost, novice HuFi


Innate Abilities, Weirdness & Mutations

Your experience applies equally to all skills.
You have very sharp teeth.
Your uncanny sense of smell can sniff out nearby items.
You have sharp toenails.
You possess an exceptional clarity of mind.


Message History

There is a stone staircase leading up here.
You block Snorg's attack. x2; Snorg claws you!
You block Snorg's attack. x2
Snorg claws you!
* * * LOW HITPOINT WARNING * * *
You climb upwards.
Level annotation: 2 transporters, Xerberus86's ghost, novice HuFi
There is a stone staircase leading down here.
Unknown command.
You fade into invisibility!
Snorg closely misses you. You block Snorg's attack. x2
You are very lightly contaminated with residual magic.
You closely miss Snorg.
Snorg is lightly wounded.
You block Snorg's attack. Snorg misses you. You block Snorg's attack.
You puncture Snorg! You bite Snorg.
Snorg is moderately wounded.
Snorg bites you!
* * * LOW HITPOINT WARNING * * *
Snorg claws you!
You die...

.#....# #...#############...
##....# ######...# #... .....##
#........# #... .....# #........#
#... .....#
#........#############... ######
#........................ #
#.#......#............... #
#.#..##.....#..........## #
#.#..##.@......#..##.....
#########........T............^..
............###..........#######.
####..#...#.#.#.#..##..#.#.....#.
............#.#..........#.#####.
..###########.############.######
..'........#...# #............
..############'##################
................(................


You could see Snorg (berserk).

Vanquished Creatures
  A two-headed ogre (D:10)
  Nergalle (D:10)
  An unseen horror (D:10)
  A merfolk (D:9)
  2 trolls (D:10)
  Prince Ribbit (D:7)
  A hippogriff (D:8)
  A wyvern (D:8)
  A vampire (D:10)
  A soldier ant (D:7)
  Duvessa (D:6)
  2 orc warriors
  An ice beast (D:10)
  4 phantoms
  A sky beast (D:6)
  6 ogres
  3 centaurs
  8 bullfrogs
  A wyvern zombie (D:10)
  Dowan (D:6)
  A wyvern skeleton (D:7)
  A scorpion (D:10)
  4 killer bees (D:7)
  3 wights (D:9)
  5 crimson imps
  A howler monkey (D:5)
  A centaur zombie (D:9)
  A human zombie (Ossuary)
  7 orc wizards
  A gnoll shaman (D:5)
  5 orc priests
  2 bullfrog skeletons
  4 hounds
  2 jellies
  Natasha (twice) (D:4)
  2 centaur skeletons (D:10)
  3 iguanas
  7 worker ants
  A killer bee zombie (D:7)
  A big kobold zombie (Ossuary)
  2 hound zombies (D:10)
  3 mummies
  A howler monkey skeleton (D:5)
  2 worker ant zombies
  8 gnolls
  6 adders
  2 shadow imps (D:7)
  An ooze (D:2)
  2 adder zombies
  2 adder skeletons
  4 worms
  2 dart slugs
  6 leopard geckos
  22 orcs
  5 giant cockroaches
  6 gnoll zombies
  6 goblins
  7 hobgoblins
  4 jackals (D:4)
  5 quokkas
  6 bats
  4 frilled lizards
  3 goblin zombies
  3 hobgoblin zombies (Ossuary)
  3 kobolds
  A leopard gecko skeleton (D:5)
  A leopard gecko zombie (D:8)
  4 orc zombies
  4 rats
218 creatures vanquished.

Vanquished Creatures (others)
  An orc priest (D:10)
1 creature vanquished.

Grand Total: 219 creatures vanquished

Notes
Turn   | Place    | Note
-------+----------+-------------------------------------------
     0 | D:1      | Freyura the Gnoll Fighter began the quest for the Orb.
     0 | D:1      | Reached XP level 1. HP: 23/23 MP: 1/1
   116 | D:1      | Reached XP level 2. HP: 29/29 MP: 2/2
   706 | D:2      | Reached XP level 3. HP: 32/35 MP: 3/3
   752 | D:2      | Reached skill level 1 in Invocations
   835 | D:2      | Found a stormy altar of Qazlal.
   865 | D:2      | Identified a +2 pair of boots of running (You found it on
                  | level 2 of the Dungeon)
  1030 | D:2      | Reached skill level 1 in Long Blades
  1030 | D:2      | Reached skill level 1 in Axes
  1030 | D:2      | Reached skill level 1 in Maces & Flails
  1030 | D:2      | Reached skill level 1 in Polearms
  1030 | D:2      | Reached skill level 1 in Staves
  1030 | D:2      | Reached skill level 1 in Slings
  1030 | D:2      | Reached skill level 1 in Bows
  1030 | D:2      | Reached skill level 1 in Crossbows
  1030 | D:2      | Reached skill level 1 in Throwing
  1030 | D:2      | Reached skill level 1 in Dodging
  1030 | D:2      | Reached skill level 1 in Stealth
  1030 | D:2      | Reached skill level 1 in Unarmed Combat
  1030 | D:2      | Reached skill level 1 in Spellcasting
  1030 | D:2      | Reached skill level 1 in Evocations
  1077 | D:2      | Found a burning altar of Makhleb.
  1089 | D:2      | Reached XP level 4. HP: 40/41 MP: 5/5
  1507 | D:4      | Noticed Natasha
  1514 | D:4      | Killed Natasha
  1514 | D:4      | Reached skill level 1 in Conjurations
  1514 | D:4      | Reached skill level 1 in Hexes
  1514 | D:4      | Reached skill level 1 in Charms
  1514 | D:4      | Reached skill level 1 in Summonings
  1514 | D:4      | Reached skill level 1 in Necromancy
  1514 | D:4      | Reached skill level 1 in Translocations
  1514 | D:4      | Reached skill level 1 in Transmutations
  1514 | D:4      | Reached skill level 1 in Fire Magic
  1514 | D:4      | Reached skill level 1 in Ice Magic
  1514 | D:4      | Reached skill level 1 in Air Magic
  1514 | D:4      | Reached skill level 1 in Earth Magic
  1514 | D:4      | Reached skill level 1 in Poison Magic
  1514 | D:4      | Reached XP level 5. HP: 34/47 MP: 6/6
  1835 | D:4      | Noticed Natasha
  1858 | D:4      | Killed Natasha
  2403 | D:5      | Entered Level 5 of the Dungeon
  2419 | D:5      | Reached XP level 6. HP: 53/53 MP: 8/8
  2474 | D:5      | Found a bloodstained altar of Trog.
  2563 | D:5      | Reached skill level 5 in Short Blades
  2842 | D:5      | Found a hazy altar of Hepliaklqana.
  3117 | D:5      | Noticed a phantom
  3137 | D:5      | Killed a phantom
  3137 | D:5      | Reached XP level 7. HP: 36/59 MP: 10/10
  3416 | D:6      | Found a shimmering altar of Xom.
  3641 | D:6      | Reached XP level 8. HP: 67/67 MP: 12/12
  4228 | D:6      | Noticed Dowan
  4230 | D:6      | Noticed Duvessa
  4242 | D:6      | Killed Duvessa
  4256 | D:6      | Killed Dowan
  4562 | D:6      | Found a glowing golden altar of the Shining One.
  4706 | D:7      | Reached XP level 9. HP: 38/72 MP: 14/14
  4870 | D:7      | Found a sand-covered staircase.
  4878 | Ossuary  | Entered an ossuary
  5444 | D:7      | Found a staircase to the Ecumenical Temple.
  5492 | Temple   | Entered the Ecumenical Temple
  5823 | D:7      | Found a basalt altar of Yredelemnul.
  5855 | D:7      | Noticed Prince Ribbit
  5873 | D:7      | Killed Prince Ribbit
  5887 | D:7      | Found a sacrificial altar of Ru.
  6270 | D:7      | Found an ancient bone altar of Kikubaaqudgha.
  6367 | D:8      | Found a shattered altar of Ashenzari.
  6394 | D:8      | Became a worshipper of Ashenzari the Shackled
  6518 | D:8      | Found a white marble altar of Elyvilon.
  6759 | D:8      | Gained mutation: You have sharp toenails. [potion of
                  | mutation]
  6759 | D:8      | Gained mutation: You possess an exceptional clarity of
                  | mind. [potion of mutation]
  6786 | D:8      | Reached skill level 5 in Invocations
  7091 | D:8      | Reached XP level 10. HP: 80/80 MP: 15/17
  7134 | D:8      | Found Ingioc's Magic Scroll Boutique.
  7170 | D:8      | Bought a scroll of remove curse for 48 gold pieces
  7170 | D:8      | Bought a scroll of remove curse for 48 gold pieces
  7469 | D:8      | Found an iron altar of Okawaru.
  7746 | D:9      | Identified the +3 short sword of Korent {protect, -Tele
                  | +Rage rF++ Int+3}
  7791 | D:9      | Found a shadowy altar of Dithmenos.
  7866 | D:9      | Reached skill level 5 in Long Blades
  7866 | D:9      | Reached skill level 5 in Axes
  7866 | D:9      | Reached skill level 5 in Maces & Flails
  7866 | D:9      | Reached skill level 5 in Polearms
  7866 | D:9      | Reached skill level 5 in Staves
  7866 | D:9      | Reached skill level 5 in Slings
  7866 | D:9      | Reached skill level 5 in Bows
  7866 | D:9      | Reached skill level 5 in Crossbows
  7866 | D:9      | Reached skill level 5 in Throwing
  7866 | D:9      | Reached skill level 5 in Dodging
  7866 | D:9      | Reached skill level 5 in Stealth
  7866 | D:9      | Reached skill level 5 in Unarmed Combat
  7866 | D:9      | Reached skill level 5 in Spellcasting
  7866 | D:9      | Reached skill level 5 in Evocations
  7873 | D:9      | Found Zuann's Antique Weapon Shoppe.
  7921 | D:9      | Reached * piety under Ashenzari
  8015 | D:9      | Found a snail-covered altar of Cheibriados.
  8285 | D:10     | Entered Level 10 of the Dungeon
  8287 | D:10     | Found a transporter.
  8288 | D:10     | Identified the +10 dire flail "Vicuz" {freeze, rPois rN+
                  | SInv}
  8288 | D:10     | Identified the +5 great mace of Disgust {holy, *Corrode rN+
                  | Str+4 Int+2}
  8288 | D:10     | Noticed a two-headed ogre
  8288 | D:10     | Noticed Xerberus86's ghost (novice HuFi)
  8289 | D:10     | Found a transporter.
  8630 | D:10     | Noticed Nergalle
  8655 | D:10     | Killed Nergalle
  8863 | D:10     | Noticed a two-headed ogre
  8879 | D:10     | Killed a two-headed ogre
  8928 | D:10     | Killed an unseen horror
  9149 | D:10     | Reached XP level 11. HP: 76/87 MP: 19/19
  9447 | D:10     | Reached ** piety under Ashenzari
 10007 | D:11     | Noticed Snorg
 10030 | D:10     | Slain by Snorg

Skill      XL: |  1  2  3  4  5  6  7  8  9 10 |
---------------+-------------------------------+-----
Invocations    | 1 2 3 4 5 6 |  6.4
Long Blades    | 1 2 3 4 5 |  5.9
Axes           | 1 2 3 4 5 |  5.9
Maces & Flails | 1 2 3 4 5 |  5.9
Polearms       | 1 2 3 4 5 |  5.9
Staves         | 1 2 3 4 5 |  5.9
Slings         | 1 2 3 4 5 |  5.9
Bows           | 1 2 3 4 5 |  5.9
Crossbows      | 1 2 3 4 5 |  5.9
Throwing       | 1 2 3 4 5 |  5.9
Dodging        | 1 2 3 4 5 |  5.9
Stealth        | 1 2 3 4 5 |  5.9
Unarmed Combat | 1 2 3 4 5 |  5.9
Spellcasting   | 1 2 3 4 5 |  5.9
Evocations     | 1 2 3 4 5 |  5.9
Conjurations   | 1 2 3 4 |  4.8
Hexes          | 1 2 3 4 |  4.8
Charms         | 1 2 3 4 |  4.8
Summonings     | 1 2 3 4 |  4.8
Necromancy     | 1 2 3 4 |  4.8
Translocations | 1 2 3 4 |  4.8
Transmutations | 1 2 3 4 |  4.8
Fire Magic     | 1 2 3 4 |  4.8
Ice Magic      | 1 2 3 4 |  4.8
Air Magic      | 1 2 3 4 |  4.8
Earth Magic    | 1 2 3 4 |  4.8
Poison Magic   | 1 2 3 4 |  4.8
Short Blades   | 5 6 7 |  7.5
Fighting       | 7 8 |  8.9
Armour         | 7 8 |  8.9
Shields        | 7 8 |  8.9

Action                   |  1- 3 |  4- 6 |  7- 9 | 10-12 || total
-------------------------+-------+-------+-------+-------++-------
Melee: Rapier            |   118 |   128 |   443 |   234 ||   923
       Bite              |    10 |    19 |    77 |    43 ||   149
Invok: Curse Item        |       |       |       |     2 ||     2
  Use: Scroll            |       |    11 |     8 |     1 ||    20
       Potion            |       |       |     6 |     7 ||    13
 Stab: Sleeping          |       |     6 |    10 |    14 ||    30
       Distracted        |       |       |     1 |     1 ||     2
       Paralysed         |       |       |     1 |       ||     1
       Invisible         |       |       |       |     1 ||     1
  Eat: Chunk             |       |     6 |     6 |     3 ||    15
       Ration            |       |       |     2 |     2 ||     4
Armor: Scale mail        |    30 |       |       |       ||    30
       Robe              |     7 |    14 |    81 |       ||   102
       Leather armour    |       |       |    17 |    48 ||    65
       Troll leather arm |       |       |       |     3 ||     3
Dodge: Dodged            |    32 |    38 |   225 |    96 ||   391
Block: Shield            |    53 |    72 |   338 |   140 ||   603
